 Dungeon Crawl Stone Soup version 0.30-a0-371-gad7725a93e (webtiles) character file.

Game seed: 4713432099436273314

1489 Querens the Thaumaturge (level 8, -2/41 HPs)
             Began as a Deep Elf Conjurer on Nov 20, 2022.
             Was a Believer of Vehumet.
             Shot with a bolt by an orc (13 damage)
             ... in a bailey.
             The game lasted 00:17:22 (4118 turns).

Querens the Thaumaturge (Deep Elf Conjurer)         Turns: 4118, Time: 00:17:23

Health: -2/41      AC:  5    Str:  4    XL:     8   Next: 51%
Magic:  12/22      EV: 12    Int: 26    God:    Vehumet [**....]
Gold:   378        SH:  0    Dex: 13    Spells: 13/24 levels left

rFire   + . .      SeeInvis .    n - +4 short sword
rCold   . . .      Faith    +    (no shield)
rNeg    . . .      Spirit   .    c - +1 robe {rF+}
rPois   +          Reflect  .    q - +0 helmet
rElec   .          Harm     .    (no cloak)
rCorr   .          Rampage  .    e - +0 pair of gloves
Will    .....                    (no boots)
Stlth   ++........               d - amulet of faith
HPRegen 0.26/turn                A - ring of poison resistance
MPRegen 0.18/turn                (no ring)

@: no status effects
A: no striking features
a: Renounce Religion


You were in a bailey.
You worshipped Vehumet.
Vehumet was pleased with you.
You visited 2 branches of the dungeon, and saw 8 of its levels.
You also visited: Bailey.

You collected 378 gold pieces.

Inventory:

Hand Weapons
 n - a +4 short sword (weapon)
 B - a +1 short sword of venom
Armour
 a - a +0 robe
 c - a +1 robe of fire resistance (worn)
 e - a +0 pair of gloves (worn)
 q - a +0 helmet (worn)
Jewellery
 d - an amulet of faith (around neck)
 g - a ring of flight
 A - a ring of poison resistance (left hand)
 C - a ring of fire
Wands
 D - a wand of quicksilver (5)
Scrolls
 f - 4 scrolls of teleportation
 k - 2 scrolls of fog
 o - a scroll of poison {unknown}
 s - 2 scrolls of enchant armour
 t - a scroll of immolation
 v - a scroll of magic mapping {unknown}
 x - a scroll of vulnerability {unknown}
 y - a scroll of enchant weapon {unknown}
Potions
 b - a potion of magic
 h - a potion of lignification {unknown}
 i - 2 potions of brilliance
 j - a potion of degeneration {unknown}
 l - a potion of haste
 m - 2 potions of resistance
 p - a potion of flight {unknown}
 r - a potion of might {unknown}
 u - a potion of attraction {unknown}
 w - 2 potions of ambrosia
 z - a potion of curing


   Skills:
 - Level 2.4 Dodging
 - Level 2.4 Stealth
 + Level 8.8 Spellcasting
 + Level 8.3 Conjurations
 + Level 6.0 Translocations


You had 13 spell levels left.
You knew the following spells:

 Your Spells              Type           Power      Damage    Failure   Level
a - Magic Dart            Conj           100%       1d8       1%          1
b - Searing Ray           Conj           100%       2d8       1%          2
c - Iskenderun's Mystic   Conj/Tloc      48%        2d11      2%          4
d - Fulminant Prism       Conj/Hex       16%        3d10      10%         4

Your spell library contained the following spells:

 Spells                   Type           Power      Damage    Failure   Level
 Scorch                   Fire           22%        2d6       8%          2
 Blink                    Tloc           84%        N/A       1%          2
 Dazzling Flash           Conj/Hex       66%        N/A       2%          3
 Manifold Assault         Tloc           42%        N/A       4%          4
 Slow                     Hex            44%        N/A       5%          1
 Cigotuvi's Dreadful Rot  Necr/Pois/Air  22%        N/A       8%          2
 Summon Guardian Golem    Hex/Summ       11%        N/A       16%         3
 Dispel Undead            Necr           11%        3d9       45%         4
 Death Channel            Necr           5%         N/A       100%        6
 Enfeeble                 Hex            5%         N/A       100%        7
 Storm Form               Tmut/Air       5%         N/A       100%        7


Dungeon Overview and Level Annotations

Branches:
Dungeon (7/15)             Temple (1/1) D:4          Bailey (1/1)

Altars:
Ashenzari
Fedhas
Gozag
Qazlal
Trog
Uskayaw
Vehumet
Wu Jian
Xom


Message History

You hear a shout! x2
Casting: Fulminant Prism (quite dangerous; 10% risk of failure)
Confirm with . or Enter, or press ? or * to list all spells.
The spell is quite dangerous to miscast (10% risk of failure)!
Continue anyway?
Aiming: Fulminant Prism (quite dangerous; 10% risk of failure)
Press: ? - help, Dir - move target You conjure a prism of explosive energy!
A fulminant prism comes into view.
The orc shoots a bolt.
The bolt hits your fulminant prism!
Unknown command.
The orc shoots a bolt.
The bolt hits your fulminant prism!
Your fulminant prism detonates feebly.
The orc shoots a bolt.
The bolt barely misses you.
The orc shoots a bolt.
The bolt hits you!
Casting: Fulminant Prism (quite dangerous; 10% risk of failure)
Confirm with . or Enter, or press ? or * to list all spells.
Aiming: Searing Ray (safe; 1% risk of failure)
Press: ? - help, Shift-Dir - straight line, f - orc
Aim: an orc, wielding a +0 arbalest and wearing a +0 ring mail (85% to hit)
The searing ray hits the orc.
The orc is lightly wounded. (Press . to maintain the ray.)
The orc shoots a bolt.
The bolt misses you.
The orc shoots a bolt.
The bolt hits you!
The searing ray hits the orc!
You kill the orc!
Vehumet accepts your kill.
The orc shoots a bolt.
The bolt hits you!
* * * LOW HITPOINT WARNING * * *
Unknown command.
You feel better.
The orc shoots a bolt.
The bolt closely misses you.
Casting: Searing Ray (safe; 1% risk of failure)
Confirm with . or Enter, or press ? or * to list all spells.
Aiming: Magic Dart (safe; 1% risk of failure)
Press: ? - help, Shift-Dir - straight line, f - orc
Aim: an orc, wielding a +0 arbalest and wearing a +0 scale mail (100% to hit)
The magic dart hits the orc.
The orc is lightly wounded.
The orc shoots a bolt.
The bolt hits you!
You die...

............#
............#
............#
............#
............#
............#
≈≈≈)≈≈......# .
##.#≈≈@....# ..
≈#∩.##≈.....#
........#≈.....#
...≈##.##≈.....#
...≈≈###≈≈.....#
....≈≈≈≈≈......#
.......o.......#
...............#
.............∩.#


You could see an orc.

Vanquished Creatures
  Sigmund (D:4)
  2 water moccasins (D:7)
  A sky beast (D:7)
  A centaur (D:6)
  A bullfrog (D:7)
  A scorpion (D:6)
  A necrophage (D:5)
  3 hounds
  3 orc priests
  2 jellies
  2 iguanas
  4 orc wizards
  7 gnolls (D:2)
  14 adders
  3 shadow imps
  An ufetubus (D:5)
  5 worms
  4 dart slugs
  17 orcs
  9 ball pythons
  7 endoplasms
  3 giant cockroaches
  11 goblins
  3 hobgoblins
  4 jackals (D:2)
  3 kobolds
  4 quokkas
  8 bats
  4 frilled lizards
  6 rats
135 creatures vanquished.

Vanquished Creatures (others)
  2 fulminant prisms (Bailey)
  6 plants (D:2)
8 creatures vanquished.

Grand Total: 143 creatures vanquished

Notes
Turn   | Place    | Note
-------+----------+-------------------------------------------
     0 | D:1      | Querens the Deep Elf Conjurer began the quest for the Orb.
     0 | D:1      | Reached XP level 1. HP: 10/10 MP: 6/6
   176 | D:1      | Reached XP level 2. HP: 15/15 MP: 2/8
   588 | D:2      | Reached skill level 5 in Conjurations
   588 | D:2      | Reached XP level 3. HP: 15/19 MP: 2/10
   633 | D:2      | Learned a level 2 spell: Searing Ray
   819 | D:2      | Reached XP level 4. HP: 24/24 MP: 1/12
   854 | D:2      | Learned a level 4 spell: Iskenderun's Mystic Blast
   859 | D:2      | Learned a level 4 spell: Fulminant Prism
   917 | D:2      | Reached skill level 5 in Spellcasting
   954 | D:2      | Reached skill level 1 in Translocations
  1191 | D:3      | Reached XP level 5. HP: 28/28 MP: 6/14
  1310 | D:3      | Found a faded altar of an unknown god.
  1691 | D:3      | Found an opulent altar of Gozag.
  1698 | D:3      | Found a hide-covered altar of Uskayaw.
  1749 | D:3      | Found a stormy altar of Qazlal.
  1750 | D:3      | Found a bloodstained altar of Trog.
  1753 | D:3      | Found an ornate altar of the Wu Jian Council.
  1846 | D:4      | Reached XP level 6. HP: 32/32 MP: 9/17
  2015 | D:4      | Noticed Sigmund
  2032 | D:4      | Killed Sigmund
  2033 | D:4      | Reached XP level 7. HP: 20/36 MP: 11/19
  2109 | D:4      | Found a staircase to the Ecumenical Temple.
  2122 | Temple   | Entered the Ecumenical Temple
  2128 | Temple   | Became a worshipper of Vehumet
  2486 | D:4      | Reached * piety under Vehumet
  2486 | D:4      | Offered knowledge of Shock by Vehumet.
  2530 | D:5      | Entered Level 5 of the Dungeon
  3115 | D:6      | Found Utegg's Weapon Boutique.
  3227 | D:6      | Reached skill level 5 in Translocations
  3227 | D:6      | Reached XP level 8. HP: 33/41 MP: 15/21
  3760 | D:6      | Found a shimmering altar of Xom.
  4030 | D:7      | Got the Handbook of Beguiling
  4067 | D:7      | Offered knowledge of Scorch by Vehumet.
  4071 | D:7      | Reached ** piety under Vehumet
  4087 | D:7      | Found a flagged portal.
  4096 | Bailey   | Entered a bailey
  4118 | Bailey   | Shot with a bolt by an orc

Illustrated notes

Levels and vault maps discovered:
D:1:      dpeg_arrival_castle, layout_basic
D:2:      layout_rooms, serial_forest, infiniplex_forest_straight_4,
          infiniplex_forest_clump_curved, infiniplex_forest_lined_3_way,
          infiniplex_forest_corner_2, infiniplex_forest_lined_room_2
D:3:      layout_basic, minitemple, shapermc_ecumenical_altar_pompeii,
          kennysheep_generic_room_14
D:4:      layout_loops_ring, minmay_temple_entry_offerings,
          minmay_crystal_water, dreamdust_princess_bridge, grunt_ministairs_2,
          minmay_snake_closets, uniq_sigmund
D:5:      layout_loops_ring, st_stairs_6, minivault_14, kennysheep_another_room
D:6:      layout_loops_corners, lemuel_coloured_pillars_altar,
          tgw_kikubaaqudgha, serial_shops, nicolae_shop_bloodbath_and_beyond,
          minmay_misc_feat_ornament
D:7:      layout_basic, enter_bailey_3, nicolae_benzene_ring, uniq_menkaure
Temple:   eino_wide_crystal_templ
Bailey:   bailey_polearm_2, bailey

Skill      XL: |  1  2  3  4  5  6  7  8 |
---------------+-------------------------+-----
Spellcasting   | 4 5 6 7 8 |  8.8
Conjurations   | 5 6 7 8 |  8.3
Translocations | 1 2 3 5 6 |  6.0
Dodging        | |  2.4
Stealth        | |  2.4

Action                   |  1- 3 |  4- 6 |  7- 9 || total
-------------------------+-------+-------+-------++-------
Melee: Unarmed           |     2 |       |       ||     2
       Short sword       |       |    24 |    14 ||    38
 Cast: Magic Dart        |    42 |    14 |     7 ||    63
       Searing Ray       |     4 |    24 |    43 ||    71
       Fulminant Prism   |       |       |     2 ||     2
  Use: Scroll            |       |     4 |     4 ||     8
       Potion            |       |     4 |     1 ||     5
 Stab: Sleeping          |       |     6 |     1 ||     7
Armor: Robe              |     3 |     7 |    14 ||    24
Dodge: Dodged            |    13 |    29 |    34 ||    76

Table legend: (Time is in decaauts)
 A = Elapsed time spent in this place.
 B = Non-inter-level travel time spent in this place.
 C = Inter-level travel time spent in this place.
 D = Time resting spent in this place.
 E = Time spent auto-exploring this place.
 F = Levels seen in this place.
 G = Mean time per level.
                   A        B        C        D        E       F      G
               +--------+--------+--------+--------+--------+-----+--------+
         Total |   4100 |   3792 |    308 |      3 |      0 |   9 |  455.6 |
       Dungeon |   4061 |   3753 |    308 |      3 |      0 |   7 |  580.1 |
        Temple |     17 |     17 |      0 |      0 |      0 |   1 |   17.0 |
        Bailey |     21 |     21 |      0 |      0 |      0 |   1 |   21.0 |
               +--------+--------+--------+--------+--------+-----+--------+

Top non-repeatable levels by time:
     D:6: 756 daAuts
     D:4: 705 daAuts
     D:3: 636 daAuts
     D:2: 627 daAuts
     D:5: 544 daAuts
     D:1: 526 daAuts
     D:7: 264 daAuts
  Bailey: 21 daAuts
  Temple: 17 daAuts
